Map: Glittering Ashes LE

Players

FishSangwich

  • Race: Protoss Protoss

GarbageRat - Winner!

  • Race: Protoss Protoss
  • League: Diamond

VOD

Have the link to the VOD?

Description

Time

  • Played on: Jan. 12, 2022, 4:17 p.m.
  • Length: 16:02
Show
View Real Time Build Order
Export as new Build Order

FishSangwich Protoss 

Build Orders:  

Get SALT Encoding   

  12  0:00  Probe  
  13  0:12  Probe  
  14  0:20  Pylon  
  14  0:24  Probe  
  15  0:38  Probe  
  15  0:39  Gateway  
  16  0:43  Assimilator  
  16  0:50  Probe  
  17  1:02  Probe  
  18  1:15  Probe  
  19  1:27  Probe, Cybernetics Core  
  20  1:39  Probe  
  21  1:52  Probe  
  22  1:57  Assimilator  
  22  2:04  Warp Gate  
  22  2:09  Pylon  
  22  2:17  Probe  
  22  2:20  Nexus  
  23  2:27  Adept (Chrono Boost)  
  25  2:35  Gateway  
  25  2:38  Probe  
  25  2:51  Stalker (Chrono Boost)  
  28  2:59  Probe  
  29  3:12  Assimilator  
  25  3:28  Stalker  
  25  3:29  Stalker  
  25  3:31  Twilight Council  
  29  3:34  Probe  
  29  3:35  Probe  
  31  3:47  Probe x2  
  33  3:55  Robotics Facility  
  33  3:59  Probe x2  
  35  4:10  Blink (Chrono Boost)  
  35  4:11  Probe  
  36  4:17  Probe  
  36  4:23  Pylon, Probe  
  38  4:29  Probe  
  38  4:30  Gateway  
  39  4:37  Observer  
  39  4:39  Probe  
  39  4:41  Probe  
  42  4:51  Gateway  
  40  5:07  Shield Battery  
  40  5:09  Shield Battery  
  40  5:10  Pylon  
  40  5:20  Stalker  
  40  5:21  Stalker  
  44  5:34  Probe x2  
  46  5:37  Stalker  
  46  5:38  Shield Battery  
  48  5:46  Probe x2  
  50  5:51  Stalker x3  
  56  5:57  Observer  
  56  5:58  Probe  
  57  6:13  Probe  
  57  6:14  Stalker x2  
  62  6:33  Pylon  
  62  6:35  Pylon  
  62  6:51  Probe x2  
  62  6:53  Stalker x4  
  72  6:59  Observer  
  72  7:03  Probe x2  
  74  7:12  Observer  
  75  7:17  Dark Shrine  
  75  7:28  Forge  
  75  7:32  Assimilator  
  75  7:34  Observer  
  76  7:44  Pylon, Nexus  
  76  7:48  Probe  
  76  7:49  Probe, Forge  
  76  7:50  Gateway  
  78  7:52  Gateway  
  78  7:56  Gateway  
  78  8:02  Warp Prism  
  80  8:12  Stalker x3  
  86  8:20  Protoss Ground Weapons Level 1 (Chrono Boost)  
  86  8:22  Pylon  
  86  8:25  Pylon  
  86  8:27  Pylon  
  86  8:41  Stalker  
  86  8:42  Stalker  
  88  8:53  Dark Templar x4  
  88  8:54  Dark Templar  
  98  9:00  Probe  
  98  9:01  Probe  
  92  9:27  Stalker x7  
  92  9:29  Immortal (Chrono Boost)  
  104  9:31  Protoss Ground Armor Level 1 (Chrono Boost)  
  108  9:52  Probe x3  
  111  9:55  Shadow Stride (Chrono Boost)  
  111  10:00  Stalker x4  
  118  10:33  Pylon x3  
  118  10:34  Pylon  
  99  11:24  Warp Prism  
  93  11:25  Nexus  
  93  11:27  Assimilator  
  93  11:29  Pylon, Assimilator  
  82  11:41  Stalker x5  
  82  11:42  Stalker x2  
  78  11:52  Protoss Shields Level 1 (Chrono Boost)  
  70  11:55  Probe  
  70  11:56  Probe  
  72  12:07  Probe  
  73  12:25  Observer  
  74  12:40  Nexus  
  74  12:43  Stalker x7  
  86  12:47  Observer  
  86  13:15  Stalker  
  86  13:16  Stalker x6  
  100  13:37  Probe  
  100  13:38  Probe  
  102  13:49  Probe  
  93  13:58  Stalker x3  
  93  13:59  Stalker x4  
  52  14:29  Stalker x5  
  40  14:41  Probe  
  31  14:53  Probe  
Show
View Real Time Build Order
Export as new Build Order

GarbageRat Protoss - Winner!

Build Orders: 1 Gate Expand, Blink Stalkers 

Get SALT Encoding   

  12  0:00  Probe  
  13  0:12  Probe  
  14  0:19  Pylon  
  14  0:24  Probe  
  15  0:38  Gateway  
  15  0:41  Probe (Chrono Boost)  
  16  0:45  Assimilator  
  16  0:52  Probe (Chrono Boost)  
  17  1:01  Assimilator  
  16  1:24  Nexus  
  16  1:38  Cybernetics Core  
  17  1:47  Probe (Chrono Boost)  
  17  1:49  Assimilator  
  17  1:58  Probe (Chrono Boost)  
  17  2:00  Pylon  
  18  2:06  Probe  
  19  2:13  Adept (Chrono Boost)  
  19  2:18  Probe, Warp Gate (Chrono Boost)  
  22  2:33  Twilight Council  
  22  2:36  Probe  
  23  2:41  Probe  
  24  2:48  Probe  
  25  2:53  Stalker  
  27  3:05  Gateway  
  27  3:26  Gateway  
  25  3:27  Probe (Chrono Boost), Blink (Chrono Boost)  
  27  3:34  Probe (Chrono Boost)  
  27  3:38  Probe (Chrono Boost)  
  28  3:43  Probe (Chrono Boost)  
  28  3:46  Probe (Chrono Boost)  
  30  3:54  Gateway  
  31  3:58  Probe (Chrono Boost)  
  31  3:59  Stalker  
  31  4:00  Probe (Chrono Boost)  
  34  4:09  Probe (Chrono Boost)  
  34  4:11  Probe  
  34  4:12  Gateway  
  36  4:22  Stalker  
  36  4:23  Pylon  
  38  4:26  Probe  
  38  4:27  Probe  
  40  4:38  Probe  
  41  4:42  Gateway  
  41  4:43  Stalker  
  43  4:49  Probe  
  43  4:51  Probe  
  45  5:04  Stalker x2  
  45  5:05  Probe  
  50  5:09  Gateway  
  50  5:10  Probe, Shield Battery  
  51  5:27  Stalker x2  
  53  5:30  Probe  
  54  5:41  Nexus  
  54  5:43  Pylon  
  54  5:52  Pylon  
  54  5:54  Pylon  
  54  6:02  Stalker  
  54  6:03  Stalker  
  58  6:05  Forge  
  58  6:07  Forge  
  58  6:12  Stalker x2  
  58  6:17  Stalker  
  64  6:21  Stalker  
  64  6:23  Probe x2  
  66  6:34  Stalker x2  
  66  6:35  Protoss Ground Armor Level 1 (Chrono Boost), Probe  
  66  6:37  Pylon  
  71  6:44  Protoss Ground Weapons Level 1 (Chrono Boost)  
  71  6:50  Probe  
  71  6:53  Assimilator  
  72  6:55  Stalker  
  72  6:57  Assimilator  
  72  6:58  Stalker  
  72  7:00  Probe  
  72  7:01  Probe  
  77  7:09  Robotics Facility  
  77  7:10  Pylon  
  77  7:18  Stalker x2  
  77  7:19  Probe  
  77  7:20  Probe  
  83  7:23  Pylon  
  83  7:26  Probe  
  84  7:31  Probe  
  84  7:32  Probe  
  84  7:34  Stalker x2  
  90  7:39  Stalker  
  90  7:40  Probe  
  90  7:43  Probe  
  94  7:44  Probe  
  94  7:48  Stalker  
  94  7:51  Stalker  
  99  7:52  Probe  
  100  7:59  Observer  
  100  8:01  Pylon  
  100  8:02  Pylon  
  101  8:18  Protoss Ground Weapons Level 2 (Chrono Boost), Pylon  
  101  8:19  Probe x3, Pylon  
  104  8:20  Observer, Protoss Ground Armor Level 2 (Chrono Boost)  
  104  8:22  Pylon  
  105  8:33  Gateway x2  
  105  8:36  Stalker  
  105  8:37  Probe  
  105  8:39  Gateway  
  106  8:53  Immortal  
  106  8:54  Stalker x3  
  116  8:59  Probe  
  116  9:00  Probe  
  108  9:30  Immortal (Chrono Boost)  
  108  9:37  Stalker x4  
  120  9:39  Stalker  
  120  9:40  Zealot x3  
  128  9:45  Charge (Chrono Boost)  
  128  9:50  Probe  
  129  9:56  Assimilator  
  129  9:59  Assimilator  
  129  10:02  Immortal  
  129  10:05  Nexus  
  133  10:07  Pylon  
  129  10:32  Nexus  
  129  10:34  Pylon x2  
  129  10:35  Pylon  
  122  10:36  Pylon  
  116  10:47  Pylon  
  116  10:48  Pylon  
  116  10:49  Pylon  
  115  10:57  Immortal  
  100  11:14  Probe x2  
  96  11:26  Probe  
  96  11:27  Probe  
  98  11:34  Observer x2  
  98  11:38  Probe  
  98  11:39  Probe  
  76  11:51  Probe  
  71  11:56  Stalker x3  
  71  11:57  Stalker x2  
  71  11:58  Probe  
  71  12:01  Assimilator  
  82  12:03  Probe, Assimilator  
  82  12:05  Warp Prism (Chrono Boost)  
  83  12:12  Protoss Ground Armor Level 3 (Chrono Boost)  
  83  12:14  Protoss Ground Weapons Level 3 (Chrono Boost)  
  85  12:16  Gateway  
  85  12:17  Gateway, Probe  
  85  12:19  Gateway  
  86  12:33  Zealot x2  
  86  12:34  Zealot x3  
  96  12:40  Probe  
  97  12:47  Templar Archives  
  97  12:49  Probe x2  
  99  12:52  Probe  
  99  12:58  Zealot x5  
  110  13:13  Zealot x2  
  114  13:22  Probe  
  115  13:28  High Templar x6  
  115  13:32  Archon x2  
  115  13:33  Archon  
  127  13:36  Probe  
  128  13:44  Templar Archives  
  127  13:49  Gateway  
  127  13:51  Gateway  
  127  13:55  Zealot x2  
  122  14:08  Zealot  
  122  14:09  Zealot x2  
  113  14:22  Zealot x2  
  103  14:35  Zealot x2  
  103  14:36  Zealot  
  104  14:39  Assimilator  
  104  14:47  High Templar x4  
  104  14:48  Pylon  
  112  14:56  Archon  
  112  14:57  Archon  
  112  15:00  Gateway  
  112  15:02  Gateway  
  112  15:10  Pylon  
  112  15:12  Pylon  
  112  15:14  Pylon  
  112  15:15  Pylon  
  112  15:28  Pylon  
  112  15:29  Pylon  
  112  15:32  Pylon  
  112  15:33  Probe  
  108  15:47  Zealot  
Tags
 
Add a new tag
Caveats
  • Supply blocks, unpowered buildings, or Contaminate may cause inaccurate times.
  • Supply counts are checked every 10 seconds.